 Dungeon Sprint DCSS version 0.23.1 (webtiles) character file.

Game seed: 17359580028948840260

13515 dvd the Severer (level 11, -18/114 HPs)
             Began as a Minotaur Fighter on Mar 6, 2019.
             Was the Champion of Makhleb.
             Killed from afar by Roxanne (27 damage)
             ... with a crystal spear
             ... in the Dungeon (Sprint V: "Ziggurat Sprint").
             The game lasted 00:08:26 (534 turns).

dvd the Severer (Minotaur Fighter)                   Turns: 534, Time: 00:08:26

Health: -18/114    AC: 30    Str: 20    XL:     11   Next: 76%
Magic:  10/10      EV:  4    Int: 11    God:    Makhleb [******]
Gold:   0          SH: 34    Dex: 20    Spells: 10/10 levels left

rFire    + . .     SeeInvis +   G - +14 obsidian axe {chop, +Fly SInv *Curse} (curse)
rCold    . . .     Gourm    .   r - +18 shield of the Gong {rElec rN+ MR+ EV-5}
rNeg     + . .     Faith    .   q - +15 Maxwell's patent armour {-Cast -Tele rElec MR+ rCorr}
rPois    .         Spirit   .   (helmet restricted)
rElec    +         Reflect  .   (no cloak)
rCorr    +         Harm     .   (no gloves)
MR       ++...     NoTele   +   (no boots) Stlth ..........NoCast +
                                N - amulet of regeneration
HPRegen  0.69/turn              B - +6 ring of dexterity
MPRegen  0.12/turn              L - ring of Usywkaeki {*Corrode +Fly rF+ Int+6}

@: lethally poisoned (-18 -> -18), mesmerised
A: retaliatory headbutt, horns 2
a: Minor Destruction, Lesser Servant of Makhleb, Major Destruction, Greater
Servant of Makhleb, Renounce Religion, Evoke Flight


You were in the Dungeon.
You worshipped Makhleb.
Makhleb was exalted by your worship.
You were not hungry.

You visited 1 branch

Inventory:

Hand Weapons
 b - the +8 lance "Wyrmbane" {slay drac, rPois rF+ rC+ AC+3}
   (You found it in the Dungeon)

   It affects your AC (+3).
   It protects you from fire.
   It protects you from cold.
   It protects you from poison.
 c - a +5 broad axe
 G - the cursed +14 obsidian axe (weapon) {chop, +Fly SInv *Curse}
   (You found it in the Dungeon)

   It inflicts extra damage upon your enemies.
   It lets you see invisible.
   It lets you fly.
   It curses itself when equipped.
   It has a curse placed upon it.
Armour
 q - the +15 Maxwell's patent armour (worn) {-Cast -Tele rElec MR+ rCorr}
   (You found it in the Dungeon)

   It insulates you from electricity.
   It affects your resistance to hostile enchantments.
   It prevents spellcasting.
   It prevents most forms of teleportation.
   It provides partial protection from all sources of acid and corrosion.
 r - the +18 shield of the Gong (worn) {rElec rN+ MR+ EV-5}
   (You found it in the Dungeon)

   It affects your evasion (-5).
   It insulates you from electricity.
   It protects you from negative energy.
   It affects your resistance to hostile enchantments.
Jewellery
 a - the ring "Faunkom" {MR+ Int+2}
   (You found it in the Dungeon)

   [ring of protection from magic]

   It affects your intelligence (+2).
   It affects your resistance to hostile enchantments.
 A - a +6 ring of dexterity
 B - a +6 ring of dexterity (left hand)
 D - a +6 ring of intelligence
 E - a +6 ring of strength
 F - a +6 ring of strength
 L - the ring of Usywkaeki (right hand) {*Corrode +Fly rF+ Int+6}
   (You found it in the Dungeon)

   [ring of protection from fire]

   It affects your intelligence (+6).
   It protects you from fire.
   It lets you fly.
   It may corrode you when you take damage.
 M - the ring "Qaq Fiaqoq" {+Blink rF+ MP+9}
   (You found it in the Dungeon)

   [ring of magical power]

   It protects you from fire.
   It affects your magic capacity (+9).
   It lets you blink.
 N - an amulet of regeneration (around neck)
 O - the ring "Isisayh" {+Inv rF+ rC+ Int+2}
   (You found it in the Dungeon)

   [ring of protection from fire]

   It affects your intelligence (+2).
   It protects you from fire.
   It protects you from cold.
   It lets you turn invisible.
Wands
 x - a wand of disintegration (7)
 y - a wand of iceblast (7)
 z - a wand of acid (7)
Scrolls
 k - 4 scrolls of blinking
 o - 4 scrolls of amnesia
 s - 7 scrolls of fog
 t - a scroll of holy word
 u - 5 scrolls of identify
 v - 5 scrolls of remove curse
 w - 2 scrolls of fear
 H - 4 scrolls of enchant weapon
Potions
 d - 6 potions of might
 e - 9 potions of curing
 g - 13 potions of heal wounds
 h - 6 potions of haste
 i - 7 potions of magic
 j - 3 potions of berserk rage
 l - 2 potions of brilliance
 m - 2 potions of invisibility
 n - 4 potions of resistance
 p - 5 potions of agility
Comestibles
 f - 7 rations
 C - 33 chunks of flesh


   Skills:
 + Level 16.0 Fighting
 + Level 20.1 Axes
 + Level 12.1 Armour
 + Level 3.5 Dodging
 + Level 5.4 Stealth
 + Level 20.0 Shields


You had 10 spell levels left.
You didn't know any spells.
Your spell library contained the following spells:

 Spells                   Type           Power        Failure   Level  Hunger
 Apportation              Tloc           #.....       99%         1    ##.....
 Summon Butterflies       Summ           #.......     99%         1    ##.....
 Blink                    Tloc           N/A          100%        2    ###....
 Shroud of Golubria       Chrm/Tloc      #.........   100%        2    ###....
 Gell's Gravitas          Tloc           #.........   100%        3    ####...
 Ignite Poison            Fire/Tmut/Pois #.......     100%        3    ####...
 Lesser Beckoning         Tloc           #.........   100%        3    ####...
 Teleport Other           Tloc           #.......     100%        3    ####...
 Tukima's Dance           Hex            #.......     100%        3    ####...
 Passage of Golubria      Tloc           N/A          100%        4    #####..
 Alistair's Intoxication  Tmut/Pois      #.......     100%        5    ######.
 Bolt of Magma            Conj/Fire/Erth #.........   100%        5    ######.
 Fireball                 Conj/Fire      #.........   100%        5    ######.
 Iskenderun's Battlesphe  Conj/Chrm      #.......     100%        5    ######.
 Venom Bolt               Conj/Pois      #.........   100%        5    ######.
 Bolt of Fire             Conj/Fire      #.........   100%        6    #######
 Invisibility             Hex            #.......     100%        6    #######
 Iron Shot                Conj/Erth      #.........   100%        6    #######
 Malign Gateway           Summ/Tloc      #.........   100%        7    #######
 Monstrous Menagerie      Summ           #.........   100%        7    #######
 Orb of Destruction       Conj           #.........   100%        7    #######
 Ring of Flames           Chrm/Fire      #.........   100%        7    #######
 Spellforged Servitor     Conj/Summ      #.........   100%        7    #######
 Summon Greater Demon     Summ           #.........   100%        7    #######
 Ignition                 Fire           #.........   100%        8    #######
 Summon Horrible Things   Summ           #.........   100%        8    #######


Dungeon Overview and Level Annotations

Branches:
Dungeon (1/1)

Altars:
Ashenzari
Cheibriados
Dithmenos
Elyvilon
Fedhas
Gozag
Hepliaklqana
Kikubaaqudgha
Makhleb
Nemelex Xobeh
Okawaru
Qazlal
Ru
Sif Muna
Trog
Uskayaw
Vehumet
Wu Jian
Xom
Yredelemnul
Zin
The Shining One
Beogh
Jiyva
Lugonu

Annotations:
D 1 transporter, exclusion: Roxanne, Roxanne


Innate Abilities, Weirdness & Mutations

You reflexively headbutt those who attack you in melee.
You have a pair of horns on your head.


Message History

Unknown command.
You slash Urug!
You break out of your daze!
You kill Urug!
Makhleb accepts your kill.
You feel better.
Your Fighting skill increases to level 16!
Your Shields skill increases to level 20!
Visions of slaying Roxanne flood into your mind.
You feel sick.
You swap places.
Roxanne casts a spell.
The crystal spear hits you!!!
Ouch! That really hurt!
* * * LOW HITPOINT WARNING * * *
You feel sick.
Unknown command.
Roxanne mumbles some strange words.
The crystal spear hits you!!
You die...

▓....)....▓.......▓
▓...÷|))..▓....†..▓
▓.........▓.......▓
▓.▓.....▓.▓.▓...▓.▓
▓....©....▓...©...▓
▓▓▓▓▓▓▓▓▓▓▓▓▓▓▓▓▓▓▓▓▓
▓...8©8...▓...8©8...▓
▓..=:8:[..▓..=...)..▓
▓..=4@)=..▓...}}[[..▓
▓....43...▓.........▓
▓.........▓....)....▓
▓...).)...▓..)))†...▓
▓....)†[..▓....|....▓
▓).....)..▓.▓.....▓.▓
▓.▓§.§..▓.▓....©....▓
▓..§.©....▓▓▓▓▓▓▓▓▓▓▓
▓▓▓▓▓▓▓▓▓▓▓


You could see Roxanne, 2 friendly ice devils and a friendly smoke demon.

Vanquished Creatures
  Gastronok (D)
  Frances (D)
  Aizul (D)
  A red draconian (D)
  2 purple draconians (D)
  Urug (D)
  Nergalle (D)
  An ugly thing (D)
  5 draconians (D)
  2 toenail golems (D)
  A gargoyle (D)
  A rime drake (shapeshifter) (D)
  A jumping spider (D)
  A wyvern (shapeshifter) (D)
  A tarantella (D)
  Eustachio (D)
  A hell hound (D)
  A porcupine (D)
  An orc warrior (D)
  2 wolves (D)
  A phantom (D)
  A crocodile (shapeshifter) (D)
  A bullfrog (D)
  2 earth elementals (D)
  2 scorpions (D)
  A wight (D)
  A quasit (D)
  5 orc wizards (D)
  An orc priest (D)
  An adder zombie (D)
  An orc (D)
  A jackal skeleton (D)
  2 leopard gecko skeletons (D)
47 creatures vanquished.

Vanquished Creatures (collateral kills)
  An ugly thing (D)
  A draconian (D)
  Maurice (D)
  An orc warrior (D)
  An earth elemental (D)
  5 orc priests (D)
  An iguana (D)
  Jessica (D)
  An orc wizard (D)
  A bat skeleton (D)
  A giant cockroach zombie (D)
15 creatures vanquished.

Vanquished Creatures (others)
  A spatial maelstrom (D)
1 creature vanquished.

Grand Total: 63 creatures vanquished

Notes
Turn   | Place    | Note
-------+----------+-------------------------------------------
     0 | D        | Found the +6 Majin-Bo {vamp, Archmagi MP+6 Int+6}
     0 | D        | Found the +7 great mace "Firestarter" {inner flame, rF++}
     0 | D        | dvd the Minotaur Fighter began the quest for the Orb.
     0 | D        | Reached XP level 1. HP: 19/19 MP: 0/0
     0 | D        | Found a blossoming altar of Fedhas.
     1 | D        | Found a deep blue altar of Sif Muna.
     1 | D        | Found a sacrificial altar of Ru.
     1 | D        | Found a bloodstained altar of Trog.
     1 | D        | Found a stormy altar of Qazlal.
     1 | D        | Found an iron altar of Okawaru.
     1 | D        | Found a sparkling altar of Nemelex Xobeh.
     4 | D        | Banished a spatial maelstrom
     8 | D        | Found a transporter.
     8 | D        | Found a viscous altar of Jiyva.
     8 | D        | Found an ancient bone altar of Kikubaaqudgha.
     8 | D        | Found a hazy altar of Hepliaklqana.
     8 | D        | Found a corrupted altar of Lugonu.
     8 | D        | Found an opulent altar of Gozag.
     8 | D        | Found a burning altar of Makhleb.
    15 | D        | Found the +9 heavy crossbow "Sniper" {velocity, Acc+∞ SInv}
    15 | D        | Found the +10 dark maul {crush}
    15 | D        | Found the +15 Maxwell's patent armour {-Cast -Tele rElec
                  | MR+ rCorr}
    15 | D        | Found the +18 shield of the Gong {rElec rN+ MR+ EV-5}
    15 | D        | Found the cursed +14 obsidian axe {chop, +Fly SInv *Curse}
    16 | D        | Found the +6 shillelagh "Devastator" {shatter}
    16 | D        | Found the +11 plutonium sword {*Contam Stlth-}
    16 | D        | Found the +8 lance "Wyrmbane" {slay drac, rPois rF+ rC+
                  | AC+3}
    16 | D        | Found the +9 sword of Zonguldrok {reap}
    16 | D        | Found the cursed +13 scythe of Curses {drain, *Curse}
    16 | D        | Found the +0 sword of Power
    16 | D        | Found the +7 mace of Variability {chain chaos}
    16 | D        | Found the +7 Singing Sword {slice, sonic wave}
    16 | D        | Found the +7 longbow "Piercer" {penet, EV-2}
    43 | D        | Reached skill level 5 in Fighting
    43 | D        | Reached skill level 5 in Armour
    43 | D        | Reached skill level 5 in Shields
    43 | D        | Reached XP level 2. HP: 29/29 MP: 1/1
    47 | D        | Became a worshipper of Makhleb the Destroyer
   101 | D        | Entered arena 2.
   101 | D        | Noticed a wolf
   101 | D        | Noticed a wolf
   101 | D        | Found a transporter.
   105 | D        | Killed a wolf
   105 | D        | Reached skill level 5 in Axes
   105 | D        | Reached XP level 3. HP: 26/38 MP: 2/2
   105 | D        | Reached XP level 4. HP: 31/45 MP: 3/3
   106 | D        | Killed a wolf
   106 | D        | Reached XP level 5. HP: 37/53 MP: 4/4
   128 | D        | Entered arena 3.
   128 | D        | Noticed a porcupine
   128 | D        | Found a transporter.
   132 | D        | Reached * piety under Makhleb
   132 | D        | Killed a porcupine
   132 | D        | Reached XP level 6. HP: 40/63 MP: 5/5
   139 | D        | Got the ring "Faunkom" {MR+ Int+2}
   141 | D        | Got the ring "Bumeoz" {Dex+4 Stlth+}
   246 | D        | Entered arena 4.
   246 | D        | Found a transporter.
   249 | D        | Reached ** piety under Makhleb
   249 | D        | Reached skill level 10 in Shields
   261 | D        | Entered arena 5.
   261 | D        | Noticed a jumping spider
   261 | D        | Noticed a tarantella
   261 | D        | Found a transporter.
   262 | D        | Found the +9 staff of Wucad Mu {channel}
   263 | D        | Reached *** piety under Makhleb
   263 | D        | Reached XP level 7. HP: 71/71 MP: 6/6
   264 | D        | Killed a tarantella
   264 | D        | Reached skill level 10 in Fighting
   264 | D        | Killed a jumping spider
   264 | D        | Reached skill level 10 in Axes
   264 | D        | Reached skill level 10 in Armour
   278 | D        | Entered arena 6.
   278 | D        | Noticed a wyvern
   278 | D        | Noticed a purple ugly thing
   278 | D        | Noticed a red ugly thing
   278 | D        | Noticed a rime drake
   278 | D        | Found a transporter.
   281 | D        | Killed a rime drake
   281 | D        | Reached **** piety under Makhleb
   281 | D        | Reached XP level 8. HP: 82/82 MP: 7/7
   283 | D        | Killed a purple ugly thing
   287 | D        | Killed a purple ugly thing
   287 | D        | Reached ***** piety under Makhleb
   287 | D        | Reached skill level 15 in Shields
   287 | D        | Reached XP level 9. HP: 90/90 MP: 8/8
   295 | D        | Got the ring of Usywkaeki {*Corrode +Fly rF+ Int+6}
   305 | D        | Entered arena 7.
   305 | D        | Noticed a toenail golem
   305 | D        | Noticed a toenail golem
   305 | D        | Noticed a gargoyle
   306 | D        | Found a transporter.
   312 | D        | Killed a toenail golem
   314 | D        | Killed a gargoyle
   316 | D        | Killed a toenail golem
   316 | D        | Reached skill level 15 in Axes
   321 | D        | Got the ring "Qaq Fiaqoq" {+Blink rF+ MP+9}
   343 | D        | Entered arena 8.
   344 | D        | Found a transporter.
   346 | D        | Reached ****** piety under Makhleb
   360 | D        | Entered arena 9.
   361 | D        | Identified the +5 spear "Ongeruw" {pierce, Str+3 Dex+5}
   361 | D        | Found a transporter.
   390 | D        | Entered arena 10.
   391 | D        | Identified the cursed +3 trident "Niefops" {pierce, +Fly
                  | Str+4}
   391 | D        | Found a transporter.
   435 | D        | Entered arena 11.
   435 | D        | Noticed a purple draconian
   435 | D        | Noticed a draconian
   435 | D        | Noticed a draconian
   435 | D        | Noticed a draconian
   435 | D        | Noticed a draconian
   435 | D        | Noticed a purple draconian
   435 | D        | Noticed a draconian
   435 | D        | Noticed a red draconian
   435 | D        | Noticed a draconian
   436 | D        | Found a transporter.
   442 | D        | Killed a draconian
   442 | D        | Reached XP level 10. HP: 101/101 MP: 9/9
   445 | D        | Killed a purple draconian
   445 | D        | Reached skill level 1 in Stealth
   449 | D        | Killed a draconian
   449 | D        | Killed a draconian
   449 | D        | Killed a red draconian
   451 | D        | Killed a draconian
   455 | D        | Killed a draconian
   455 | D        | Killed a purple draconian
   455 | D        | Reached XP level 11. HP: 111/111 MP: 10/10
   482 | D        | Got the ring "Isisayh" {+Inv rF+ rC+ Int+2}
   502 | D        | Entered arena 12.
   502 | D        | Noticed Urug
   502 | D        | Noticed Eustachio
   502 | D        | Noticed Maurice
   502 | D        | Noticed Nergalle
   502 | D        | Noticed Aizul
   502 | D        | Noticed Gastronok
   503 | D        | Noticed a spectral orc warlord
   503 | D        | Noticed Frances
   503 | D        | Noticed Roxanne
   503 | D        | Noticed Jessica
   504 | D        | Found a transporter.
   512 | D        | Killed Nergalle
   512 | D        | Reached skill level 15 in Fighting
   515 | D        | Killed Eustachio
   515 | D        | Killed Maurice
   522 | D        | Killed Gastronok
   523 | D        | Killed Aizul
   527 | D        | Noticed a soul eater
   527 | D        | Killed Frances
   527 | D        | Reached skill level 5 in Stealth
   528 | D        | Killed Jessica
   530 | D        | Killed Urug
   534 | D        | Killed from afar by Roxanne

Skill      XL: |  1  2  3  4  5  6  7  8  9 10 11 |
---------------+----------------------------------+-----
Fighting       | 5 6 7 9 11 12 13 14 16 | 16.0
Axes           | 4 5 6 7 8 11 13 16 18 20 | 20.1
Armour         | 5 6 7 8 9 10 11 12 | 12.1
Dodging        | 3 |  3.5
Shields        | 5 7 8 9 10 13 15 16 18 20 | 20.0
Stealth        | 3 5 |  5.4

Action                   |  1- 3 |  4- 6 |  7- 9 | 10-12 || total
-------------------------+-------+-------+-------+-------++-------
Melee: Broad axe         |     3 |    10 |    37 |    36 ||    86
       Headbutt          |       |     1 |     9 |    10 ||    20
  Use: Potion            |     1 |       |       |     2 ||     3
 Stab: Distracted        |       |       |     1 |     4 ||     5
Armor: Plate armour      |     3 |     5 |    10 |     9 ||    27
Dodge: Dodged            |       |       |     2 |     4 ||     6
Block: Shield            |     9 |    12 |    46 |    78 ||   145
